Unix NetHack Version 5.0.0-0 post-release - last build Jun 10 2026 00:39:30 (3ee93aec679c4c4259841fe613dc97188e26a321,branch:main).

Game began 2026-06-21 03:00:12, ended 2026-06-21 03:25:32.

DeathOnAStick, neutral male human Wizard

                                                    ----  ---
                                            `................|
                                            ----------------.|--
                                                          .|.|.-------
                                                         -o|...............-
                                                         |.|$<....---     --
                                                         |.#.......|
                                                         |.|f..--..-   -
                                                         |.[d.)| --.--.|
                                                         -@|).-|  -....|
                                                        .o.|...|  ....
                                                        --`|.|.--...-
                                                           |.|......-
                                                           |.^)...--
                                                           |.....--- -
                                                           |.........|
                                                           |...---..--
                                                           |...-  ---
                                                           -....
                                                           ..|.-
                                                          -  ---
DeathOnAStick the Conjurer  St:10 Dx:14 Co:15 In:18 Wi:10 Ch:10  Neutral S:1728
Dlvl:7  $:204 HP:0(38) Pw:42(42) AC:1  Xp:5/306 T:2180  Satiated

Latest messages:
 You hear the splashing of a naiad.
 Fido drops a poisoned crude arrow.
 Fido3 drops a white-handed shield.
 Fido2 eats a goblin corpse.
 Fido picks up a poisoned crude arrow.
 Wait!  There's something there you can't see!
 Oggrisogbane of Uzogbane picks up an orcish helm.
 You hit Oggrisogbane of Uzogbane!
 Oggrisogbane of Uzogbane misses!
 Fido drops a poisoned crude arrow.
 Are you waiting to get hit?  Use 'm' prefix to force a no-op (to rest).
 You miss Oggrisogbane of Uzogbane.
 Oggrisogbane of Uzogbane hits!
 You hit Oggrisogbane of Uzogbane.
 Fido3 picks up a white-handed shield.
 You hit Oggrisogbane of Uzogbane!
 Fido3 bites Oggrisogbane of Uzogbane.
 Oggrisogbane of Uzogbane is killed!
 Fido3 grows up into a dog.
 Oggoruoth of Uzogbane picks up an orcish helm.
 What do you want to wield? [- ab or ?*] a
 You are already wielding that!
 You hit Oggoruoth of Uzogbane!
 Fido3 misses Oggoruoth of Uzogbane.
 Oggoruoth of Uzogbane hits!
 Fido3 bites Oggoruoth of Uzogbane.
 Oggoruoth of Uzogbane misses Fido3.
 You miss Oggoruoth of Uzogbane.
 Fido3 misses Oggoruoth of Uzogbane.
 Are you waiting to get hit?  Use 'm' prefix to force a no-op (to rest).
 Are you waiting to get hit?  Use 'm' prefix to force a no-op (to rest).
 You kill Oggoruoth of Uzogbane!
 Fido3 eats a hill orc corpse named Oggoruoth of Uzogbane.
 You stop.  Fido3 is in the way!
 You swap places with Fido3.
 There is a doorway here.
 There are many objects here.
 What do you want to wield? [- ab or ?*] a
 You are already wielding that!
 A poisoned crude arrow misses you.
 A poisoned crude arrow misses you.
 You are hit by a poisoned crude arrow.
 You are hit by a poisoned crude arrow.
 Wizard is about to die.
 You die...
 Do you want your possessions identified? [ynq] (y) y
 Do you want to see your attributes? [ynq] (y) y
 Do you want an account of creatures vanquished? [ynaq] (y) y
 Do you want to see your conduct and achievements? [ynq] (y) y
 Do you want to see the dungeon overview? [ynq] (y) y

Inventory:
 Coins    ('$')
  $ - 204 gold pieces
 Weapons  (')')
  b - a +0 orcish dagger
  a - a blessed +1 quarterstaff (weapon in hands)
 Armor    ('[')
  R - an uncursed +0 dwarvish iron helm (being worn)
  K - an uncursed +0 pair of iron shoes (being worn)
  p - a blessed +1 cloak of magic resistance (being worn)
  B - an uncursed +0 studded leather armor (being worn)
 Comestibles  ('%')
  N - 2 uncursed food rations
  r - an uncursed fortune cookie
 Scrolls  ('?')
  o - a cursed scroll of create monster
  w - a cursed scroll of earth
  Q - a cursed scroll of enchant weapon
  F - an uncursed scroll of identify
  v - an uncursed scroll of magic mapping
  J - a cursed scroll of remove curse
 Spellbooks  ('+')
  l - a blessed spellbook of force bolt
  m - an uncursed spellbook of haste self
 Potions  ('!')
  P - a blessed potion of healing
  f - an uncursed potion of healing
  I - an uncursed potion of levitation
  h - an uncursed potion of paralysis
  g - an uncursed potion of restore ability
 Rings    ('=')
  L - an uncursed ring of cold resistance
  x - an uncursed ring of levitation
  U - an uncursed ring of sustain ability
  e - an uncursed ring of teleport control
 Wands    ('/')
  c - a wand of magic missile (0:8)
  S - a wand of polymorph (0:5)
  t - a wand of striking (0:4)
 Tools    ('(')
  n - a magic marker (0:19)
  T - an uncursed partly used tallow candle
  M - an uncursed partly used wax candle
 Gems/Stones  ('*')
  D - an uncursed worthless piece of yellow glass

DeathOnAStick the Wizard's attributes:

Background:
 You were a Conjurer, a level 5 male human Wizard.
 You were neutral, on a mission for Thoth
 who was opposed by Ptah (lawful) and Anhur (chaotic).
 You were right-handed.
 You were in the Gnomish Mines, on level 7.
 You entered the dungeon 2180 turns ago.
 It was nighttime.
 You had 306 experience points, 14 more were needed to attain level 6.
 Your score was 1728 before end-of-game adjustments.

Basics:
 You had 0 out of 38 hit points.
 You had all 42 energy points (spell power).
 Your armor class was 1.
 Your wallet contained 204 zorkmids.
 Autopickup was off.

Final Characteristics:
 Your strength was 10 (limit:18/100).
 Your dexterity was 14 (limit:18).
 Your constitution was 15 (limit:18).
 Your intelligence was 18 (limit:18).
 Your wisdom was 10 (limit:18).
 Your charisma was 10 (limit:18).

Final Status:
 You were satiated.
 You were unencumbered.
 You were wielding a quarterstaff.
 You were skilled in quarterstaff.

Final Attributes:
 You were piously aligned.
 You were magic-protected.
 You were telepathic.
 You were warded.
 You are dead.

Miscellaneous:
 You didn't encounter any bones levels.
 Total elapsed playing time was 25 minutes and 19 seconds.

Major events:
 Turn
    1: DeathOnAStick the neutral male human Wizard entered the dungeon
 1305: entered the Gnomish Mines
 1312: attained the rank of Conjurer (level 3)
 1743: reached Mine Town
 2180: killed by an orcish arrow

Spells:
 Name                 Level Category     Fail Retention
 force bolt             1   attack         0%   81%-90%
 haste self             3   escape        91%  76%-100%

Skills:
 Fighting Skills
   bare handed combat [Unskilled]
   riding             [Unskilled]
 Weapon Skills
   dagger             [Unskilled]
   knife              [Unskilled]
   axe                [Unskilled]
   short sword        [Unskilled]
   club               [Unskilled]
   mace               [Unskilled]
   quarterstaff       [Skilled]
   polearms           [Unskilled]
   spear              [Unskilled]
   trident            [Unskilled]
   sling              [Unskilled]
   dart               [Unskilled]
   shuriken           [Unskilled]
 Spellcasting Skills
   attack spells      [Basic]
   healing spells     [Unskilled]
   divination spells  [Unskilled]
   enchantment spells [Basic]
   clerical spells    [Unskilled]
   escape spells      [Unskilled]
   matter spells      [Unskilled]

Voluntary challenges:
 Character rerolling was not enabled.
 You never genocided any monsters.
 You never polymorphed an object.
 You never changed form.
 You used no wishes.
Achievements:
 You entered a shop.
 You entered the Gnomish Mines.
 You attained the rank of Conjurer.
 You entered Minetown.

 The Dungeons of Doom: levels 1 to 4
    Level 1:
       Some fountains.
    Level 2:
       An altar, many fountains.
    Level 3:
       An armor shop, a fountain, a sink.
    Level 4:
       Stairs down to The Gnomish Mines.
 The Gnomish Mines: levels 5 to 7
    Level 5:
    Level 6:
    Level 7: <- You were here.
       Final resting place for
          you, killed by an orcish arrow.


Vanquished creatures:
 an orc-captain
  3 Uruk-hai
 an orc shaman
  4 gnome leaders
  a floating eye
  4 dwarves
  a homunculus
  5 hill orcs
  a rabid rat
  a monkey
  a coyote
  2 giant rats
  2 yellow molds
 17 gnomes
  a gnome zombie
  a gecko
  7 jackals
  3 goblins
  2 sewer rats
  3 grid bugs
  2 lichens
  a kobold zombie
  8 newts
72 creatures vanquished.

No species were genocided or became extinct.

Game over:
                       ----------
                      /          \
                     /    REST    \
                    /      IN      \
                   /     PEACE      \
                  /                  \
                  |  DeathOnAStick   |
                  |      204 Au      |
                  |   killed by an   |
                  |   orcish arrow   |
                  |                  |
                  |                  |
                  |       2026       |
                 *|     *  *  *      | *
        _________)/\\_//(\/(/\)/\//\/|_)_______

Goodbye DeathOnAStick the Wizard...

You died in The Gnomish Mines on dungeon level 7 with 1708 points,
and 204 pieces of gold, after 2180 moves.
You were level 5 with a maximum of 38 hit points when you died.

